 Dungeon Crawl Stone Soup version 0.29-a0-664-gff9cad4a3d (webtiles) character file.

Game seed: 2077392930074470029

13725 DocClef the Fighter (level 12, -5/108 HPs)
             Began as a Human Fighter on June 22, 2022.
             Was a High Priest of Okawaru.
             Slain by a wyvern (14 damage)
             ... on level 9 of the Dungeon.
             The game lasted 00:13:41 (9646 turns).

DocClef the Fighter (Human Fighter)                 Turns: 9646, Time: 00:13:42

Health: -5/108     AC: 19    Str: 19    XL:     12   Next: 36%
Magic:  12/12      EV:  5    Int:  9    God:    Okawaru [*****.]
Gold:   595        SH:  6    Dex: 21    Spells: 11/11 levels left

rFire   . . .      SeeInvis +   m - +3 scimitar (elec)
rCold   . . .      Faith    .   c - +0 buckler
rNeg    . . .      Spirit   .   F - +3 plate armour
rPois   .          Reflect  .   (no helmet)
rElec   .          Harm     .   j - scarf {+Inv}
rCorr   .          Rampage  .   e - +2 pair of gloves
Will    .....                   A - +1 pair of boots
Stlth   ..........              v - amulet of regeneration
HPRegen 1.08/turn               z - +6 ring of dexterity
MPRegen 0.13/turn               B - ring of see invisible

@: no status effects
A: no striking features
a: Renounce Religion, Evoke Invisibility, Heroism, Finesse, Duel


You were on level 9 of the Dungeon.
You worshipped Okawaru.
Okawaru was extremely pleased with you.
You visited 1 branch of the dungeon, and saw 10 of its levels.

You collected 595 gold pieces.

Inventory:

Hand Weapons
 a - a +0 war axe
 g - a +2 short sword of draining
 m - a +3 scimitar of electrocution (weapon)
Armour
 b - a +0 scale mail
 c - a +0 buckler (worn)
 e - a +2 pair of gloves (worn)
 j - a scarf of invisibility (worn)
 A - a +1 pair of boots (worn)
 F - a +3 plate armour (worn)
Jewellery
 d - a ring of resist corrosion
 s - an amulet of magic regeneration
 t - a ring of ice
 v - an amulet of regeneration (around neck)
 z - a +6 ring of dexterity (left hand)
 B - a ring of see invisible (right hand)
Wands
 k - a wand of digging (8)
 y - a wand of flame (12)
 D - a wand of iceblast (1)
Scrolls
 f - 9 scrolls of identify
 q - 2 scrolls of fog
 x - 3 scrolls of teleportation
 E - a scroll of amnesia
Potions
 h - a potion of mutation {unknown}
 i - a potion of ambrosia {unknown}
 l - a potion of attraction
 n - a potion of heal wounds
 o - 6 potions of brilliance
 p - a potion of flight {unknown}
 r - 12 potions of curing
 u - 2 potions of degeneration
 w - a potion of berserk rage {unknown}
 G - a potion of might
 H - a potion of invisibility


   Skills:
 + Level 14.3 Fighting
 - Level 14.0 Long Blades
 - Level 7.8 Axes
 - Level 3.0 Armour
 - Level 3.0 Shields


You had 11 spell levels left.
You didn't know any spells.
Your spell library contained the following spells:

 Spells                   Type           Power      Damage    Failure   Level
 Foxfire                  Conj/Fire      0%         2x1d4     100%        1
 Slow                     Hex            0%         N/A       100%        1
 Sting                    Tmut/Pois      0%         1d3       100%        1
 Ensorcelled Hibernation  Hex/Ice        0%         N/A       100%        2
 Poisonous Vapours        Pois/Air       0%         N/A       100%        2
 Static Discharge         Conj/Air       0%         N/A       100%        2
 Conjure Flame            Conj/Fire      0%         6-21      100%        3
 Dazzling Flash           Conj/Hex       0%         N/A       100%        3
 Inner Flame              Hex/Fire       0%         N/A       100%        3
 Portal Projectile        Hex/Tloc       0%         N/A       100%        3
 Spider Form              Tmut/Pois      0%         N/A       100%        3
 Anguish                  Hex/Necr       0%         N/A       100%        4
 Corpse Rot               Necr/Pois/Air  0%         N/A       100%        4
 Dispel Undead            Necr           0%         3d6       100%        4
 Flame Wave               Conj/Fire      0%         2d4       100%        4
 Iskenderun's Mystic Bla  Conj/Tloc      0%         2d3       100%        4
 Sticky Flame             Conj/Fire      0%         2d3       100%        4
 Metabolic Englaciation   Hex/Ice        0%         N/A       100%        5
 Eringya's Noxious Bog    Tmut/Pois      0%         N/A       100%        6
 Iron Shot                Conj/Erth      0%         9d1       100%        6
 Starburst                Conj/Fire      0%         6d3       100%        6


Dungeon Overview and Level Annotations

Branches:
Dungeon (10/15)            Temple (0/1) D:7
   Lair: D:8-11         Orc: D:9-12

Altars:
Cheibriados
Elyvilon
Fedhas
Okawaru
Sif Muna
Uskayaw
Vehumet
Zin
The Shining One

Shops:
D:9 !*

Annotations:
D:7 2 transporters


Message History

The wyvern attacks as you move away! The wyvern bites you!
* * * LOW HITPOINT WARNING * * *
The wyvern bites you.
* * * LOW HITPOINT WARNING * * *
The wyvern attacks as you move away!
The wyvern bites you but does no damage.
The wyvern bites you but does no damage.
The wyvern attacks as you move away! You block the wyvern's attack.
The wyvern bites you!
* * * LOW HITPOINT WARNING * * *
You block the wyvern's attack.
There is a stone staircase leading up here.
The wyvern bites you!
* * * LOW HITPOINT WARNING * * *
You climb upwards.
There is a stone staircase leading down here.
You barely miss the wyvern. You block the wyvern's attack.
You closely miss the wyvern. You block the wyvern's attack.
You closely miss the wyvern. The wyvern barely misses you.
You hit the wyvern.
The wyvern is lightly wounded.
The wyvern bites you but does no damage.
You closely miss the wyvern.
The wyvern is lightly wounded.
The wyvern bites you but does no damage.
The wyvern bites you!
* * * LOW HITPOINT WARNING * * *
You hit the wyvern.
The wyvern is lightly wounded.
The wyvern completely misses you.
You slash the wyvern!
The wyvern is severely wounded.
You block the wyvern's attack.
You closely miss the wyvern.
The wyvern is severely wounded.
The wyvern bites you but does no damage.
You slash the wyvern!
The wyvern is almost dead.
The wyvern bites you!
You die...

#####...#........##
..#....##.........#
##.†..###.........#
###.## #.........##
#..###..........#
##..##......)...#
##..#........[.#
##.#.......l..##
##........@...#
##...........#
##.########## #..##
##..## ##..#
##.#######
##......#########
##..............#


You could see a wyvern.

Vanquished Creatures
  A centaur warrior (D:10)
  2 two-headed ogres
  2 orc sorcerers (D:10)
  A cyclops (D:10)
  An unseen horror (D:10)
  2 kobold demonologists (D:10)
  A tengu conjurer (D:10)
  A komodo dragon (D:10)
  5 trolls
  2 hornets (D:10)
  A shadow (D:9)
  4 wyverns
  9 yaks
  2 steam dragons (D:10)
  A vampire mosquito (D:10)
  2 water moccasins
  2 acid dragons
  A sky beast (D:6)
  A black bear (D:4)
  3 orc warriors (D:8)
  2 ice beasts
  6 centaurs
  An ogre (D:6)
  2 phantoms (D:5)
  2 kobold brigands
  4 bullfrogs
  2 scorpions
  3 necrophages
  4 gnoll sergeants
  8 wights (D:8)
  19 killer bees
  An electric eel (D:8)
  3 howler monkeys
  6 orc priests
  5 hounds
  2 jellies
  2 gnoll shamans
  4 iguanas
  17 orc wizards
  21 gnolls
  4 adders
  A shadow imp (D:5)
  4 white imps
  7 worms
  6 dart slugs
  29 orcs
  3 ball pythons
  An endoplasm (D:1)
  2 giant cockroaches
  3 goblins
  9 hobgoblins
  2 jackals (D:2)
  16 kobolds
  5 quokkas
  2 bats
  4 frilled lizards
  4 rats
260 creatures vanquished.

Vanquished Creatures (others)
  Psyche (D:8)
  3 plants (D:8)
4 creatures vanquished.

Grand Total: 264 creatures vanquished

Notes
Turn   | Place    | Note
-------+----------+-------------------------------------------
     0 | D:1      | DocClef the Human Fighter began the quest for the Orb.
     0 | D:1      | Reached XP level 1. HP: 18/18 MP: 1/1
    66 | D:1      | Got Xesey's Guide on Changing and Fire
   119 | D:1      | Reached XP level 2. HP: 21/24 MP: 2/2
   540 | D:1      | Reached XP level 3. HP: 30/30 MP: 3/3
   552 | D:1      | Found a faded altar of an unknown god.
  1343 | D:2      | Reached XP level 4. HP: 38/38 MP: 4/4
  1912 | D:3      | Reached skill level 5 in Fighting
  2461 | D:4      | Noticed a scorpion
  2468 | D:4      | Killed a scorpion
  2469 | D:4      | Reached XP level 5. HP: 38/46 MP: 5/5
  2523 | D:4      | Reached XP level 6. HP: 51/52 MP: 6/6
  2758 | D:4      | Found a hide-covered altar of Uskayaw.
  2779 | D:4      | Noticed a black bear
  2786 | D:4      | Killed a black bear
  2815 | D:4      | Reached XP level 7. HP: 60/60 MP: 7/7
  3453 | D:4      | Found a radiant altar of Vehumet.
  3594 | D:5      | Entered Level 5 of the Dungeon
  3644 | D:5      | Noticed a water moccasin
  3653 | D:5      | Killed a water moccasin
  3728 | D:5      | Reached skill level 5 in Axes
  3792 | D:5      | Reached XP level 8. HP: 60/67 MP: 8/8
  4440 | D:5      | Identified a scroll of acquirement
  4440 | D:5      | Acquired a manual of Long Blades
  4825 | D:6      | Reached XP level 9. HP: 31/72 MP: 9/9
  4939 | D:6      | Reached skill level 5 in Long Blades
  5126 | D:6      | Identified the +3 pair of boots of Etic {rF+ Str+2 Slay-6}
  5417 | D:6      | Found an iron altar of Okawaru.
  5609 | D:6      | Became a worshipper of Warmaster Okawaru
  5922 | D:7      | Found a blossoming altar of Fedhas.
  5994 | D:7      | Found a glowing golden altar of the Shining One.
  6084 | D:7      | Found a transporter.
  6100 | D:7      | Noticed a kobold demonologist
  6143 | D:7      | Reached skill level 10 in Long Blades
  6208 | D:8      | Reached * piety under Okawaru
  6264 | D:8      | Reached XP level 10. HP: 79/79 MP: 10/10
  6282 | D:8      | Noticed Psyche
  6377 | D:8      | Killed Psyche
  6628 | D:8      | Reached ** piety under Okawaru
  7333 | D:7      | Found a staircase to the Ecumenical Temple.
  7362 | D:7      | Found a transporter.
  7534 | D:7      | Found a shimmering blue altar of Sif Muna.
  7777 | D:7      | Got the Handbook of Enchantment and the Mountains
  7778 | D:7      | Found a glowing silver altar of Zin.
  7960 | D:9      | Found Tuarixy's Distillery.
  8049 | D:9      | Found Wobrut's Assorted Antiques.
  8101 | D:9      | Found a snail-covered altar of Cheibriados.
  8101 | D:9      | Found a white marble altar of Elyvilon.
  8104 | D:9      | Reached *** piety under Okawaru
  8220 | D:9      | Reached XP level 11. HP: 32/89 MP: 11/11
  8458 | D:9      | Reached **** piety under Okawaru
  8475 | D:9      | Noticed a two-headed ogre
  8484 | D:9      | Killed a two-headed ogre
  8485 | D:9      | Reached skill level 10 in Fighting
  8919 | D:10     | Entered Level 10 of the Dungeon
  9271 | D:10     | Noticed a cyclops
  9307 | D:10     | Reached ***** piety under Okawaru
  9311 | D:10     | Killed a cyclops
  9364 | D:10     | Noticed an orc sorcerer
  9373 | D:10     | Killed an orc sorcerer
  9377 | D:10     | Reached XP level 12. HP: 40/105 MP: 9/12
  9490 | D:10     | Identified the +2 leather armour "Jolumoku" {rElec Will+++
                  | MP-9 Int-4}
  9514 | D:10     | Identified the +1 plate armour of Atreox {+Inv rElec rF-
                  | Regen+}
  9577 | D:10     | Noticed a two-headed ogre
  9577 | D:10     | Noticed a centaur warrior
  9582 | D:10     | Killed a two-headed ogre
  9589 | D:10     | Noticed a skeletal warrior
  9601 | D:10     | Killed a centaur warrior
  9607 | D:10     | Identified the +1 pair of boots "Tazituad" {+Inv} (Okawaru
                  | gifted it to you on level 10 of the Dungeon)
  9607 | D:10     | Received a gift from Okawaru
  9619 | D:10     | HP: 2/108 [wyvern (8)]
  9646 | D:9      | Slain by a wyvern

Illustrated notes

Levels and vault maps discovered:
D:1:      erik_arrival_orb_chamber, layout_loops_cross,
          shapermc_ecumenical_altar_gd, minmay_heptomino_o4
D:2:      layout_loops_cross
D:3:      layout_loops_ring
D:4:      nicolae_cairo_tiling_very_big, layout_loops_corners,
          mainiacjoe_overflow_catwalk, mainiacjoe_overflow_alcove_4
D:5:      layout_basic
D:6:      layout_layer_cave, okawaru_ov_weapons_minmay
D:7:      gammafunk_wand_slinger, layout_cave_pods,
          fedhas_bush_and_centaur_altar, mainiacjoe_overflow_boulevard,
          mainiacjoe_overflow_brackets, nicolae_overflow_crystal_walls,
          minmay_temple_entry_fiery
D:8:      layout_basic, serial_bayou_pond_d, amcnicky_mini_pool_medium,
          uniq_psyche
D:9:      layout_cave_pods, chequers_temple_overflow_statue_of_worship,
          serial_shops, nicolae_shop_behind_doors, shop
D:10:     minmay_the_grid_3x3 [minmay_the_grid_armoury, minmay_the_grid_box_x,
          minmay_the_grid_rooms, minmay_the_grid_broken_lines,
          minmay_the_grid_tri_star, minmay_the_grid_small_cups,
          minmay_the_grid_tiny_cups, minmay_the_grid_outer_diamond,
          minmay_the_grid_prize_big_room], layout_loops_cross, special_room
          [special_room_bee], nrook_loot_triangle

Skill      XL: |  1  2  3  4  5  6  7  8  9 10 11 12 |
---------------+-------------------------------------+-----
Fighting       | 4 5 6 7 9 13 14 | 14.3
Axes           | 5 7 |  7.8
Long Blades    | 3 11 14 | 14.0
Armour         | |  3.0
Shields        | |  3.0

Action                   |  1- 3 |  4- 6 |  7- 9 | 10-12 || total
-------------------------+-------+-------+-------+-------++-------
Melee: War axe           |    57 |   141 |   164 |       ||   362
       Short sword       |       |       |   250 |       ||   250
       Scimitar          |       |       |     2 |   416 ||   418
       Unarmed           |       |       |       |     2 ||     2
Invok: Heroism           |       |       |       |     4 ||     4
       Finesse           |       |       |       |     1 ||     1
  Use: Potion            |       |     1 |     1 |     5 ||     7
       Scroll            |       |       |     9 |    13 ||    22
 Stab: Invisible         |       |       |     1 |       ||     1
Armor: Scale mail        |    30 |    72 |   197 |     7 ||   306
       Plate armour      |       |       |       |   245 ||   245
Dodge: Dodged            |    21 |    76 |   171 |    90 ||   358
Block: Buckler           |    10 |    27 |   111 |   113 ||   261

Table legend: (Time is in decaauts)
 A = Elapsed time spent in this place.
 B = Non-inter-level travel time spent in this place.
 C = Inter-level travel time spent in this place.
 D = Time resting spent in this place.
 E = Time spent auto-exploring this place.
 F = Levels seen in this place.
 G = Mean time per level.
                   A        B        C        D        E       F      G
               +--------+--------+--------+--------+--------+-----+--------+
         Total |   9634 |   9174 |    460 |    301 |   6821 |  10 |  963.4 |
       Dungeon |   9634 |   9174 |    460 |    301 |   6821 |  10 |  963.4 |
               +--------+--------+--------+--------+--------+-----+--------+

Top non-repeatable levels by time:
     D:4: 1226 daAuts
     D:6: 1200 daAuts
     D:9: 1182 daAuts
     D:8: 1146 daAuts
     D:2: 992 daAuts
     D:5: 990 daAuts
     D:7: 837 daAuts
     D:3: 826 daAuts
     D:1: 750 daAuts
    D:10: 480 daAuts
